 Dungeon Crawl Stone Soup version 0.30.0-15-g856e2d3f33 (webtiles) character file.

Game seed: 6034771130120153944

29954 qw the Severer (level 13, -27/85 HPs)
             Began as a Gargoyle Cinder Acolyte on May 18, 2023.
             Was a Believer of Okawaru.
             Killed from afar by a lindwurm (38 damage)
             ... with a blast of flame
             ... on level 5 of the Lair of Beasts.
             The game lasted 00:06:43 (11521 turns).

qw the Severer (Gargoyle Cinder Acolyte)           Turns: 11521, Time: 00:06:43

Health: -27/85     AC: 33    Str: 24    XL:     13   Next: 48%
Magic:  15/16      EV:  9    Int: 14    God:    Okawaru [**....]
Gold:   571        SH:  0    Dex:  5    Spells: 14/14 levels left

rFire   . . .        j - +6 broad axe (vamp)
rCold   . . .        (no shield)
rNeg    + . .        o - +0 plate armour
rPois   inf          h - +1 helmet
rElec   +            v - +0 cloak
rCorr   +            (no gloves)
SInv    +            m - +0 pair of boots
Will    .....        (no amulet) Stlth
                     i - ring of resist corrosion
HPRegen 0.34/turn    f - ring of see invisible
MPRegen 0.15/turn

%: no passive effects
@: about to teleport, heroic, fire susceptible
A: sickness immunity, AC +9, negative energy resistance 1, electricity
resistance, torment resistance 1, petrification resistance
a: Renounce Religion, Heroism


You were on level 5 of the Lair of Beasts.
You worshipped Okawaru.
Okawaru was pleased with you.
You visited 3 branches of the dungeon, and saw 14 of its levels.
You also visited: Ossuary.

You collected 662 gold pieces.
You spent 91 gold pieces at shops.


Innate Abilities, Weirdness & Mutations

You are immune to sickness and miasma.
Your stone body is resilient. (AC +9)
You are immune to poison.
You resist negative energy. (rN+)
You are resistant to electric shocks. (rElec)
You are resistant to unholy torment.
You are immune to petrification.


   Skills:
 + Level 11.8(16.8) Fighting
 - Level 15.0(20.0) Axes
 - Level 4.0(9.0) Throwing
 - Level 11.0(16.0) Armour
 - Level 2.4(7.4) Dodging
 - Level 1.0 Spellcasting
 - Level 3.0 Fire Magic
 - Level 4.0 Invocations


You had 14 spell levels left.
You didn't know any spells.
Your spell library contained the following spells:

 Spells                   Type           Power      Damage    Failure   Level
 Scorch                   Fire           18%        2d5       63%         2

Inventory:

Hand Weapons
 j - a +6 vampiric broad axe (weapon)
 l - a +3 war axe of flaming
Armour
 h - a +1 helmet (worn)
 m - a +0 pair of boots (worn)
 o - a +0 plate armour (worn)
 v - a +0 cloak (worn)
Jewellery
 c - a ring of see invisible
 f - a ring of see invisible (right hand)
 i - a ring of resist corrosion (left hand)
 r - a ring of ice
Wands
 p - a wand of digging (3)
Scrolls
 a - 12 scrolls of identify
 u - 8 scrolls of teleportation
Potions
 b - a potion of resistance
 d - 6 potions of curing
 e - 3 potions of haste
 g - 3 potions of might
 k - 3 potions of mutation
 n - a potion of cancellation

Dungeon Overview and Level Annotations

Branches:
Dungeon (8/15)             Temple (1/1) D:4            Lair (4/5) D:8
 Shoals (0/4) Lair:3       Spider (0/4) Lair:3      Ossuary (visited)
  Slime: Lair:4-5

Altars:
Cheibriados
Dithmenos
Elyvilon
Fedhas
Gozag
Hepliaklqana
Kikubaaqudgha
Makhleb
Nemelex Xobeh
Okawaru
Qazlal
Sif Muna
Trog
Uskayaw
Vehumet
Wu Jian
Xom
Yredelemnul
Zin
The Shining One

Shops:
D:4 (::(

Annotations:
D:2 1 runed translucent door, Crazy Yiuf


Message History

The fire elemental barely misses you. The lindwurm breathes flames at you.
The blast of flame hits the fire elemental.
The fire elemental completely resists.
The blast of flame hits you.
You slice the fire elemental!!
You destroy the fire elemental!
That felt strangely unrewarding.
You closely miss the fire elemental. You slash the fire elemental!
You destroy the fire elemental!
That felt strangely unrewarding.
The fire elemental closely misses you.
You hit the fire elemental.
The fire elemental is heavily damaged.
The fire elemental hits you. The fire elemental burns you!
You closely miss the fire elemental.
The fire elemental is heavily damaged.
The fire elemental hits you. The fire elemental burns you!
You barely miss the fire elemental.
The fire elemental is heavily damaged.
You hit the lindwurm. You closely miss the fire elemental.
Your punch misses the fire elemental.
The fire elemental is heavily damaged.
You hit the lindwurm but do no damage. The fire elemental hits you.
The fire elemental burns you! The lindwurm bites you!
The lindwurm claws you but does no damage. x2
You slash the fire elemental!
The fire elemental is severely damaged.
You completely miss the lindwurm. The fire elemental hits you.
The fire elemental burns you!
The lindwurm bites you but does no damage.
The lindwurm closely misses you.
The lindwurm claws you but does no damage.
11521 ||| READING 9 scrolls of teleportation.
As you read the scroll of teleportation, it crumbles to dust.
You feel strangely unstable. The fire elemental barely misses you.
The lindwurm breathes flames at you. The blast of flame hits you!!!
You die...

### # #.##### #### ###
..P.#####.....###..###..
......k@................
......E.^..#..P...##....
.#...#.....#......##....
#.. #......P.....##.#..
#.. ..........P.P.#.....
.. ...........P.....?#..
. ........##...........
................#.....
......%%.#.%.P


You could see a lindwurm (catching breath) and a fire elemental.

Vanquished Creatures
  3 hydras
  6 death yaks (Lair:5)
  A skyshark (Lair:3)
  Amaemon (Lair:1)
  3 oklob plants (Lair:1)
  2 black mambas
  Maurice (D:8)
  8 elephants
  A merfolk siren (Lair:3)
  9 cane toads
  Maggie (D:7)
  An orange demon (Lair:1)
  Psyche (D:8)
  5 komodo dragons
  3 rime drakes
  A polar bear (Lair:2)
  Grinder (D:6)
  A hornet (D:6)
  14 blink frogs
  9 yaks
  2 wyverns
  10 fire elementals
  5 basilisks
  2 steam dragons
  A vampire mosquito (Lair:5)
  Menkaure (D:7)
  A floating eye (Lair:1)
  An ice beast (D:6)
  14 water moccasins
  A sky beast (D:7)
  2 orc warriors
  2 black bears (D:5)
  An ogre (D:6)
  16 wolves
  2 centaurs (D:8)
  2 phantoms (D:6)
  10 bullfrogs
  16 scorpions
  5 wights (D:6)
  3 electric eels (Lair:1)
  A howler monkey (D:6)
  4 hounds
  2 jellies
  A human zombie (Ossuary)
  3 centaur zombies (Ossuary)
  2 orc priests
  2 gnoll boudas (D:5)
  2 sleepcaps
  Natasha (thrice) (D:4)
  3 iguanas
  7 orc wizards
  4 scorpion zombies (Ossuary)
  Ijyb (D:4)
  3 mummies (Ossuary)
  11 gnolls
  11 adders
  A white imp (D:8)
  An ufetubus (D:5)
  2 worms (Lair:3)
  2 dart slugs (D:1)
  23 orcs
  4 bats
  5 endoplasms
  4 giant cockroaches
  6 goblins
  3 hobgoblins
  2 jackals (D:3)
  3 ball pythons
  7 frilled lizards
  3 gnoll zombies (Ossuary)
  4 hobgoblin zombies (Ossuary)
  2 kobolds (D:1)
  2 kobold zombies (Ossuary)
  An orc zombie (Ossuary)
  4 rats (D:1)
308 creatures vanquished.

Vanquished Creatures (others)
  A scorpion (D:7)
  An orc (D:7)
2 creatures vanquished.

Grand Total: 310 creatures vanquished

Notes
Turn   | Place    | Note
-------+----------+-------------------------------------------
     0 | D:1      | qw the Gargoyle Cinder Acolyte began the quest for the Orb.
     0 | D:1      | Reached XP level 1. HP: 14/14 MP: 2/2
     0 | D:1      | 0 ||| qw: Version: 0.2-a-95-gc95f03d
     0 | D:1      | 0 ||| qw: Game counter: 19
     0 | D:1      | 0 ||| qw: Always use a shield: true
     0 | D:1      | 0 ||| qw: God list: Okawaru
     0 | D:1      | 0 ||| qw: Allow faded altars: false
     0 | D:1      | 0 ||| qw: Do Orc after D:15 true
     0 | D:1      | 0 ||| qw: Do second Lair branch before Depths: true
     0 | D:1      | 0 ||| qw: Lair rune preference: random
     0 | D:1      | 0 ||| qw: Plans: Normal
     0 | D:1      | 0 ||| PLANNING D:1-11
    73 | D:1      | 73 ||| Stepping ~*~*~tactically~*~*~ (hiding).
   257 | D:1      | Reached skill level 3 in Axes
   337 | D:1      | Reached XP level 2. HP: 13/19 MP: 3/3
   738 | D:1      | 738 ||| Stepping ~*~*~tactically~*~*~ (hiding).
   980 | D:1      | 980 ||| READING 2 scrolls labelled XENAIH ZYETI.
   981 | D:1      | 981 ||| READING scroll labelled BIECEA SEIL.
   982 | D:1      | 982 ||| READING scroll labelled SEIDEL QAR.
   983 | D:1      | 983 ||| READING scroll labelled XUAPHAM IKABROTE.
   984 | D:1      | 984 ||| DRINKING 2 red potions.
   985 | D:1      | 985 ||| DROPPING potion of brilliance.
  1079 | D:2      | Reached XP level 3. HP: 17/23 MP: 4/4
  1437 | D:2      | Found a runed translucent door.
  1438 | D:2      | Noticed Crazy Yiuf
  1473 | D:2      | 1473 ||| INVOKING Fiery Armour.
  1474 | D:2      | Reached skill level 4 in Axes
  1528 | D:2      | Identified the +2 robe "Vyimua Uneil" {Will+ Stlth+}
  1565 | D:2      | 1565 ||| UPGRADING to +0 chain mail.
  1575 | D:2      | 1575 ||| DROPPING +0 robe.
  1576 | D:2      | 1576 ||| READING scroll labelled HIFINN SEMIRU.
  1577 | D:2      | 1577 ||| READING scroll labelled NERUHE VOGOTH.
  1608 | D:2      | 1608 ||| READING 4 scrolls of identify.
  1608 | D:2      | 1608 ||| IDENTIFYING murky white potion
  1609 | D:2      | 1609 ||| READING 3 scrolls of identify.
  1609 | D:2      | 1609 ||| IDENTIFYING purple potion
  1610 | D:2      | 1610 ||| READING 2 scrolls of identify.
  1610 | D:2      | 1610 ||| IDENTIFYING emerald potion
  1661 | D:3      | 1661 ||| Stepping ~*~*~tactically~*~*~ (stealth).
  1662 | D:3      | 1662 ||| Stepping ~*~*~tactically~*~*~ (stealth).
  1663 | D:3      | 1663 ||| Stepping ~*~*~tactically~*~*~ (stealth).
  1667 | D:3      | 1667 ||| Stepping ~*~*~tactically~*~*~ (stealth).
  1668 | D:3      | 1668 ||| Stepping ~*~*~tactically~*~*~ (stealth).
  1787 | D:3      | Found a shimmering blue altar of Sif Muna.
  1791 | D:3      | Found a hide-covered altar of Uskayaw.
  1794 | D:3      | Found a white marble altar of Elyvilon.
  1796 | D:3      | 1796 ||| Stepping ~*~*~tactically~*~*~ (stealth).
  1798 | D:3      | 1798 ||| Stepping ~*~*~tactically~*~*~ (stealth).
  1805 | D:3      | Reached skill level 1 in Armour
  1848 | D:3      | Reached XP level 4. HP: 28/28 MP: 5/5
  1873 | D:3      | 1873 ||| INVOKING Fiery Armour.
  1944 | D:3      | Found a burning altar of Makhleb.
  1971 | D:3      | 1971 ||| Stepping ~*~*~tactically~*~*~ (stealth).
  2066 | D:3      | 2066 ||| Stepping ~*~*~tactically~*~*~ (stealth).
  2087 | D:3      | 2087 ||| Stepping ~*~*~tactically~*~*~ (hiding).
  2142 | D:3      | Found a stormy altar of Qazlal.
  2204 | D:3      | 2204 ||| UPGRADING to +1 helmet.
  2209 | D:3      | 2209 ||| UPGRADING to ring of resist corrosion.
  2210 | D:3      | 2210 ||| READING scroll labelled XUICASMIROCW.
  2211 | D:3      | 2211 ||| DRINKING 2 fizzy orange potions.
  2212 | D:3      | 2212 ||| DROPPING potion of flight.
  2245 | D:4      | Noticed Natasha
  2245 | D:4      | Found Xaigaekk's Antique Weapon Boutique.
  2246 | D:4      | 2246 ||| Stepping ~*~*~tactically~*~*~ (hiding).
  2246 | D:4      | Found Qinikuy's Book Shoppe.
  2256 | D:4      | Killed Natasha
  2257 | D:4      | Reached XP level 5. HP: 30/32 MP: 6/6
  2267 | D:4      | 2267 ||| BUYING war axe (91 gold).
  2267 | D:4      | Bought a war axe for 91 gold pieces
  2267 | D:4      | 2267 ||| SWAPPING to +0 war axe.
  2360 | D:4      | Found a staircase to the Ecumenical Temple.
  2399 | D:4      | Found Boezescheuta's Book Shoppe.
  2466 | D:4      | Reached skill level 5 in Axes
  2529 | D:4      | Reached XP level 6. HP: 35/38 MP: 7/7
  2697 | D:4      | Noticed Natasha
  2717 | D:4      | Killed Natasha
  2783 | D:4      | Noticed Ijyb
  2792 | D:4      | HP: 7/39 [Ijyb/+8 club (13)]
  2793 | D:4      | 2793 ||| READING scroll of teleportation.
  2794 | D:4      | 2794 ||| INVOKING Fiery Armour.
  2794 | D:4      | HP: 3/39 [Ijyb/+8 club (4)]
  2798 | D:4      | Noticed Natasha
  2807 | D:4      | 2807 ||| DRINKING potion of heal wounds.
  2810 | D:4      | Killed Natasha
  2846 | D:4      | Killed Ijyb
  2919 | D:4      | Found Xiqakhea's Antique Weapon Shop.
  3012 | D:4      | 3012 ||| UPGRADING to +0 pair of boots.
  3017 | D:4      | 3017 ||| READING scroll labelled KIGICU ZYMO.
  3040 | D:5      | Entered Level 5 of the Dungeon
  3051 | D:5      | 3051 ||| INVOKING Fiery Armour.
  3064 | D:5      | 3064 ||| Stepping ~*~*~tactically~*~*~ (stealth).
  3069 | D:5      | Reached skill level 3 in Armour
  3069 | D:5      | Reached XP level 7. HP: 44/44 MP: 8/8
  3079 | D:5      | Reached skill level 6 in Axes
  3159 | D:5      | 3159 ||| INVOKING Fiery Armour.
  3177 | D:5      | Reached skill level 7 in Axes
  3246 | D:5      | Reached XP level 8. HP: 47/48 MP: 9/9
  3323 | D:5      | 3323 ||| Stepping ~*~*~tactically~*~*~ (stealth).
  3324 | D:5      | 3324 ||| Stepping ~*~*~tactically~*~*~ (hiding).
  3327 | D:5      | 3327 ||| Stepping ~*~*~tactically~*~*~ (hiding).
  3608 | D:5      | 3608 ||| READING scroll labelled GUXIL FY KUO.
  3609 | D:5      | 3609 ||| READING scroll labelled UCOCVIGHUYWO.
  3610 | D:5      | 3610 ||| READING 3 scrolls of identify.
  3610 | D:5      | 3610 ||| IDENTIFYING smoky coppery potion
  3611 | D:5      | 3611 ||| READING 2 scrolls of identify.
  3611 | D:5      | 3611 ||| IDENTIFYING glowing orange potion
  3612 | D:5      | 3612 ||| DROPPING potion of ambrosia.
  3613 | D:5      | 3613 ||| DROPPING potion of attraction.
  3782 | D:6      | Reached skill level 8 in Axes
  3783 | D:6      | 3783 ||| INVOKING Fiery Armour.
  3877 | D:6      | Found an ancient bone altar of Kikubaaqudgha.
  3880 | D:6      | 3880 ||| Stepping ~*~*~tactically~*~*~ (hiding).
  3881 | D:6      | 3881 ||| Stepping ~*~*~tactically~*~*~ (hiding).
  3882 | D:6      | 3882 ||| Stepping ~*~*~tactically~*~*~ (hiding).
  3890 | D:6      | HP: 12/49 [wight/+5 trident (9)]
  3891 | D:6      | 3891 ||| INVOKING Fiery Armour.
  4028 | D:6      | 4028 ||| Stepping ~*~*~tactically~*~*~ (stealth).
  4036 | D:6      | Reached skill level 6 in Fighting
  4122 | D:6      | Noticed a hornet
  4127 | D:6      | 4127 ||| INVOKING Fiery Armour.
  4130 | D:6      | HP: 7/52 [hornet (8)]
  4135 | D:6      | Killed a hornet
  4136 | D:6      | Reached skill level 9 in Axes
  4136 | D:6      | Reached XP level 9. HP: 6/56 MP: 10/10
  4405 | D:6      | Found a shadowy altar of Dithmenos.
  4769 | D:6      | Noticed Grinder
  4770 | D:6      | 4770 ||| Stepping ~*~*~tactically~*~*~ (hiding).
  4789 | D:6      | Killed Grinder
  4958 | D:6      | 4958 ||| UPGRADING to ring of see invisible.
  4959 | D:6      | 4959 ||| READING 4 scrolls of identify.
  4959 | D:6      | 4959 ||| IDENTIFYING murky amethyst potion
  4960 | D:6      | 4960 ||| READING 3 scrolls of identify.
  4960 | D:6      | 4960 ||| IDENTIFYING silvery potion
  4961 | D:6      | 4961 ||| READING 2 scrolls of identify.
  4961 | D:6      | 4961 ||| IDENTIFYING fizzy clear potion
  4962 | D:6      | 4962 ||| DROPPING potion of invisibility.
  5273 | D:7      | 5273 ||| INVOKING Fiery Armour.
  5275 | D:7      | Noticed Maggie
  5293 | D:7      | Reached skill level 10 in Axes
  5293 | D:7      | Killed Maggie
  5358 | D:7      | 5358 ||| SWAPPING to +2 war axe of flaming.
  5359 | D:7      | 5359 ||| DROPPING -1 hand axe of flaming.
  5360 | D:7      | 5360 ||| DROPPING +1 war axe.
  5370 | D:7      | 5370 ||| READING scroll of enchant weapon.
  5370 | D:7      | 5370 ||| ENCHANTING +2 war axe of flaming.
  5472 | D:7      | Noticed Menkaure
  5477 | D:7      | Killed Menkaure
  5716 | D:7      | 5716 ||| READING scroll labelled NECABR ICHA.
  5716 | D:7      | Identified a scroll of acquirement
  5716 | D:7      | 5716 ||| ACQUIRING +6 vampiric broad axe
  5716 | D:7      | Acquired a +6 vampiric broad axe
  5718 | D:7      | 5718 ||| SWAPPING to +6 vampiric broad axe.
  5719 | D:7      | 5719 ||| READING 2 scrolls of identify.
  5719 | D:7      | 5719 ||| IDENTIFYING sapphire potion
  5729 | D:8      | 5729 ||| PLANNING OSSUARY
  5753 | D:8      | 5753 ||| Stepping ~*~*~tactically~*~*~ (stealth).
  5754 | D:8      | 5754 ||| Stepping ~*~*~tactically~*~*~ (stealth).
  5758 | D:8      | Reached XP level 10. HP: 63/63 MP: 11/11
  5889 | D:8      | Found a sand-covered staircase.
  5890 | D:8      | 5890 ||| READING scroll labelled DOINAH KISTRIHI.
  5907 | D:8      | 5907 ||| Stepping ~*~*~tactically~*~*~ (hiding).
  5940 | Ossuary  | Entered an ossuary
  6071 | Ossuary  | Reached skill level 11 in Axes
  6159 | Ossuary  | Reached skill level 6 in Armour
  6236 | Ossuary  | 6236 ||| READING scroll labelled REQECR RAKLU.
  6237 | Ossuary  | 6237 ||| DRINKING 2 smoky clear potions.
  6238 | Ossuary  | 6238 ||| READING 7 scrolls of identify.
  6238 | Ossuary  | 6238 ||| IDENTIFYING bubbling brown potion
  6239 | Ossuary  | 6239 ||| DROPPING potion of lignification.
  6240 | Ossuary  | 6240 ||| DROPPING potion of degeneration.
  6293 | D:8      | 6293 ||| PLANNING D:1-11
  6322 | D:8      | Found a snail-covered altar of Cheibriados.
  6371 | D:8      | 6371 ||| Stepping ~*~*~tactically~*~*~ (hiding).
  6442 | D:8      | Noticed Psyche
  6460 | D:8      | Killed Psyche
  6536 | D:8      | Identified the +1 robe of Carved Intercession {rF+ Dex+3
                  | Archmagi}
  6549 | D:8      | Reached skill level 9 in Fighting
  6608 | D:8      | Found a staircase to the Lair.
  6614 | D:8      | Noticed Maurice
  6624 | D:8      | Killed Maurice
  6798 | D:8      | 6798 ||| Stepping ~*~*~tactically~*~*~ (stealth).
  6800 | D:8      | 6800 ||| Stepping ~*~*~tactically~*~*~ (hiding).
  6801 | D:8      | 6801 ||| Stepping ~*~*~tactically~*~*~ (hiding).
  6864 | D:8      | 6864 ||| PLANNING LAIR
  6864 | D:8      | 6864 ||| UPGRADING to +0 plate armour.
  6874 | D:8      | 6874 ||| DROPPING +0 chain mail.
  6875 | D:8      | 6875 ||| UPGRADING to +0 cloak.
  6880 | D:8      | 6880 ||| READING scroll labelled UDDOBIMAOKH.
  6933 | Lair:1   | Entered Level 1 of the Lair of Beasts
  6934 | Lair:1   | Noticed an elephant
  6938 | Lair:1   | 6938 ||| STAIRDANCE
  6949 | Lair:1   | Noticed an elephant
  6950 | Lair:1   | Noticed an elephant
  6951 | Lair:1   | 6951 ||| INVOKING Fiery Armour.
  6952 | Lair:1   | Noticed an elephant
  6953 | Lair:1   | Noticed an elephant
  6955 | Lair:1   | Killed an elephant
  6956 | Lair:1   | Reached skill level 3 in Throwing
  6958 | Lair:1   | Reached XP level 11. HP: 59/71 MP: 12/12
  7128 | Lair:1   | Found the +8 frozen axe "Frostbite" {freeze, freezing
                  | cloud, *Noise Fly rC+}
  7149 | Lair:1   | 7149 ||| Stepping ~*~*~tactically~*~*~ (stealth).
  7150 | Lair:1   | 7150 ||| INVOKING Fiery Armour.
  7160 | Lair:1   | 7160 ||| Stepping ~*~*~tactically~*~*~ (stealth).
  7185 | Lair:1   | Reached skill level 12 in Axes
  7192 | Lair:1   | Reached skill level 9 in Armour
  7229 | Lair:1   | 7229 ||| Stepping ~*~*~tactically~*~*~ (stealth).
  7230 | Lair:1   | 7230 ||| Stepping ~*~*~tactically~*~*~ (stealth).
  7241 | Lair:1   | Noticed an oklob plant
  7241 | Lair:1   | Noticed an oklob plant
  7242 | Lair:1   | 7242 ||| INVOKING Fiery Armour.
  7245 | Lair:1   | Noticed an oklob plant
  7250 | Lair:1   | Noticed Amaemon
  7266 | Lair:1   | HP: 15/72 [oklob plant/splash of acid (12)]
  7266 | Lair:1   | HP: 6/72 [oklob plant/splash of acid (9)]
  7267 | Lair:1   | 7267 ||| READING 5 scrolls of teleportation.
  7268 | Lair:1   | 7268 ||| DRINKING 4 potions of heal wounds.
  7269 | Lair:1   | Killed Amaemon
  7505 | Lair:1   | 7505 ||| Stepping ~*~*~tactically~*~*~ (stealth).
  7616 | Lair:1   | 7616 ||| INVOKING Fiery Armour.
  7676 | Lair:1   | Identified the +10 short sword of Imuezamm {venom, rF+
                  | rC++}
  7738 | Lair:1   | Reached XP level 12. HP: 55/77 MP: 13/13
  7743 | Lair:1   | Reached skill level 13 in Axes
  7860 | Lair:1   | Identified the staff of conjuration "Ycof" {Str+2}
  8224 | Lair:1   | 8224 ||| PLANNING TEMPLE
  8361 | Temple   | Entered the Ecumenical Temple
  8434 | Temple   | 8434 ||| PLANNING OKAWARU WORSHIP
  8517 | Temple   | Fell from the grace of Ignis
  8517 | Temple   | Became a worshipper of Warmaster Okawaru
  8517 | Temple   | 8517 ||| PLANNING LAIR
  8631 | Lair:2   | 8631 ||| Stepping ~*~*~tactically~*~*~ (stealth).
  8649 | Lair:2   | 8649 ||| Stepping ~*~*~tactically~*~*~ (hiding).
  8737 | Lair:2   | Noticed an eight-headed hydra
  8741 | Lair:2   | 8741 ||| Stepping ~*~*~tactically~*~*~ (stealth).
  8742 | Lair:2   | 8742 ||| Stepping ~*~*~tactically~*~*~ (stealth).
  8744 | Lair:2   | 8744 ||| Stepping ~*~*~tactically~*~*~ (stealth).
  8746 | Lair:2   | 8746 ||| SWAPPING to +3 war axe of flaming.
  8755 | Lair:2   | Killed a one-headed hydra
  8756 | Lair:2   | 8756 ||| SWAPPING to +6 vampiric broad axe.
  8771 | Lair:2   | 8771 ||| Stepping ~*~*~tactically~*~*~ (stealth).
  8793 | Lair:2   | Reached * piety under Okawaru
  9021 | Lair:2   | 9021 ||| INVOKING Heroism.
  9030 | Lair:2   | Reached skill level 1 in Invocations
  9045 | Lair:2   | You fall into a shaft and drop 2 floors!
  9085 | Lair:4   | 9085 ||| Stepping ~*~*~tactically~*~*~ (stealth).
  9111 | Lair:4   | 9111 ||| READING scroll labelled VIRUVI BINT.
  9257 | Lair:3   | Noticed a four-headed hydra
  9258 | Lair:3   | 9258 ||| INVOKING Heroism.
  9263 | Lair:3   | 9263 ||| SWAPPING to +3 war axe of flaming.
  9266 | Lair:3   | Killed a one-headed hydra
  9267 | Lair:3   | Reached skill level 3 in Invocations
  9267 | Lair:3   | 9267 ||| SWAPPING to +6 vampiric broad axe.
  9313 | Lair:2   | 9313 ||| INVOKING Heroism.
  9467 | Lair:2   | 9467 ||| INVOKING Heroism.
  9504 | Lair:2   | 9504 ||| Stepping ~*~*~tactically~*~*~ (stealth).
  9542 | Lair:2   | 9542 ||| Stepping ~*~*~tactically~*~*~ (stealth).
  9585 | Lair:2   | 9585 ||| Stepping ~*~*~tactically~*~*~ (stealth).
  9598 | Lair:2   | 9598 ||| Stepping ~*~*~tactically~*~*~ (stealth).
  9599 | Lair:2   | 9599 ||| Stepping ~*~*~tactically~*~*~ (stealth).
  9600 | Lair:2   | 9600 ||| Stepping ~*~*~tactically~*~*~ (stealth).
  9930 | Lair:3   | 9930 ||| INVOKING Heroism.
  9936 | Lair:3   | HP: 19/77 [fire elemental[the fiery vengeance of Ignis]
                  | (2)]
  9937 | Lair:3   | 9937 ||| READING 8 scrolls of teleportation.
  9938 | Lair:3   | 9938 ||| DRINKING 3 potions of heal wounds.
 10027 | Lair:3   | Found a hole to the Spider Nest.
 10089 | Lair:3   | 10089 ||| Stepping ~*~*~tactically~*~*~ (hiding).
 10094 | Lair:3   | Reached skill level 14 in Axes
 10210 | Lair:3   | Noticed a skyshark
 10225 | Lair:3   | Killed a skyshark
 10239 | Lair:3   | 10239 ||| Stepping ~*~*~tactically~*~*~ (stealth).
 10243 | Lair:3   | 10243 ||| Stepping ~*~*~tactically~*~*~ (stealth).
 10253 | Lair:3   | 10253 ||| INVOKING Heroism.
 10263 | Lair:3   | Reached ** piety under Okawaru
 10296 | Lair:3   | 10296 ||| INVOKING Heroism.
 10307 | Lair:3   | Reached XP level 13. HP: 84/84 MP: 14/16
 10388 | Lair:3   | 10388 ||| INVOKING Heroism.
 10390 | Lair:3   | 10390 ||| SWAPPING to +3 war axe of flaming.
 10399 | Lair:3   | 10399 ||| SWAPPING to +6 vampiric broad axe.
 10431 | Lair:3   | 10431 ||| INVOKING Heroism.
 10468 | Lair:3   | 10468 ||| INVOKING Heroism.
 10700 | Lair:3   | 10700 ||| INVOKING Heroism.
 10858 | Lair:3   | 10858 ||| INVOKING Heroism.
 10863 | Lair:3   | HP: 16/84 [fire elemental[the fiery vengeance of Ignis]
                  | (9)]
 10864 | Lair:3   | 10864 ||| READING 7 scrolls of teleportation.
 10865 | Lair:3   | 10865 ||| DRINKING 2 potions of heal wounds.
 10867 | Lair:3   | 10867 ||| DRINKING potion of heal wounds.
 11063 | Lair:3   | Found a staircase to the Shoals.
 11214 | Lair:3   | 11214 ||| Stepping ~*~*~tactically~*~*~ (stealth).
 11215 | Lair:3   | 11215 ||| Stepping ~*~*~tactically~*~*~ (stealth).
 11312 | Lair:3   | You fall into a shaft and drop 2 floors!
 11312 | Lair:5   | Entered Level 5 of the Lair of Beasts
 11313 | Lair:5   | 11313 ||| PLANNING GAUNTLET
 11318 | Lair:5   | Reached skill level 15 in Axes
 11354 | Lair:5   | 11354 ||| INVOKING Heroism.
 11384 | Lair:5   | 11384 ||| INVOKING Heroism.
 11512 | Lair:5   | 11512 ||| INVOKING Heroism.
 11520 | Lair:5   | HP: 11/85 [fire elemental[the fiery vengeance of Ignis]
                  | (11)]
 11521 | Lair:5   | 11521 ||| READING 9 scrolls of teleportation.
 11521 | Lair:5   | Killed from afar by a lindwurm

Levels and vault maps discovered:
D:1:      lightli_arrival_flooded_house, layout_loops_corners
D:2:      layout_rooms, grunt_ministairs_4, chequers_arboretum,
          kennysheep_pointless_box, uniq_crazy_yiuf_cottage
D:3:      layout_loops_cross, mainiacjoe_overflow_catwalk, grunt_qazlal_clouds,
          grunt_temple_overflow_open
D:4:      layout_rooms, lemuel_temple_firewalk_a, serial_shops,
          nicolae_diamond_shop, nicolae_shop_stone, shop, shop_statue,
          roderic_three_in_a_row, hangedman_decor_riveting,
          chequers_serial_rivers_micro_b, uniq_ijyb, uniq_natasha
D:5:      layout_rooms
D:6:      cheibrodos_helix_gallery, layout_loops_ring,
          mainiacjoe_overflow_boulevard, marbit_many_paths, minmay_liquid_box,
          kennysheep_opposing_triangles, uniq_grinder
D:7:      layout_cave_pools, uniq_menkaure, uniq_maggie
D:8:      layout_basic, mainiacjoe_overflow_chevrons, dpeg_oklobed_lair,
          enter_ossuary_1, uniq_psyche, uniq_maurice
Temple:   hellmonk_temple_flake
Lair:1:   layout_regular_city, disabler_island, grunt_megastairs_1,
          serial_bayou_shore_a, uniq_amaemon
Lair:2:   layout_regular_city
Lair:3:   layout_loops_ring, elwin_shoals_entry_rooms,
          nicolae_spider_entry_non_spiders
Lair:4:   layout_long_grid, slime_entry_1, serial_bayou_shore_b, uniq_snorg
Lair:5:   minmay_lair_end_frog_pond, layout_long_grid, gauntlet_entry_generic,
          lemuel_fruit_fields

Skill      XL: |  1  2  3  4  5  6  7  8  9 10 11 12 13 |
---------------+----------------------------------------+-----
Axes           | 3 4 5 7 9 10 11 12 14 15 | 15.0
Armour         | 1 2 3 4 5 7 9 10 11 | 11.0
Fighting       | 4 6 7 9 10 11 | 11.8
Dodging        | 2 |  2.4
Throwing       | 3 4 |  4.0
Invocations    | 4 |  4.0
Spellcasting   | |  1.0
Fire Magic     | |  3.0

Action                     |  1- 3 |  4- 6 |  7- 9 | 10-12 | 13-15 || total
---------------------------+-------+-------+-------+-------+-------++-------
  Melee: Hand axe          |   140 |    45 |       |       |       ||   185
         War axe           |       |   116 |   225 |    12 |     8 ||   361
         Punch             |       |       |     2 |     8 |     1 ||    11
         Broad axe         |       |       |     1 |   493 |   147 ||   641
  Throw: Javelin           |       |       |       |    24 |       ||    24
 Invoke: Fiery Armour      |     1 |     3 |     5 |     4 |       ||    13
         Heroism           |       |       |       |     7 |     8 ||    15
    Use: Scroll            |     9 |     3 |    10 |     7 |     2 ||    31
         Potion            |     1 |     2 |       |     3 |     2 ||     8
   Stab: Distracted        |       |       |       |     1 |       ||     1
 Armour: Robe              |    53 |       |       |       |       ||    53
         Chain mail        |    14 |   141 |   175 |    76 |       ||   406
         Plate armour      |       |       |       |   331 |   158 ||   489
  Dodge: Dodged            |    71 |    73 |   111 |   209 |    64 ||   528

Table legend:
 A = Non-vault XP
 B = Vault XP
 C = Vault XP percentage of total XP
 D = Non-vault monster count
 E = Vault monster count
 F = Vault count percentage of total count
                 A         B        C        D         E       F
            +---------+---------+-------+---------+---------+-------
      Total |   33037 |    9755 |  22.8 |     225 |      74 |  24.7
            +---------+---------+-------+---------+---------+-------
        D:1 |      26 |       0 |   0.0 |      17 |       0 |   0.0
        D:2 |      22 |      15 |  40.5 |       7 |       2 |  22.2
        D:3 |      89 |       0 |   0.0 |      24 |       0 |   0.0
        D:4 |     307 |      68 |  18.1 |       8 |       2 |  20.0
        D:5 |     777 |       0 |   0.0 |      27 |       0 |   0.0
        D:6 |    1547 |     666 |  30.1 |      21 |       8 |  27.6
        D:7 |     529 |     581 |  52.3 |      10 |       2 |  16.7
        D:8 |    1769 |     850 |  32.5 |      22 |       2 |   8.3
     Lair:1 |    7532 |    5134 |  40.5 |      28 |      18 |  39.1
     Lair:2 |    4451 |       0 |   0.0 |      15 |       0 |   0.0
     Lair:3 |    7663 |     815 |   9.6 |      22 |       9 |  29.0
     Lair:4 |    1380 |       0 |   0.0 |       8 |       0 |   0.0
     Lair:5 |    6945 |     653 |   8.6 |      16 |       3 |  15.8
    Ossuary |       0 |     973 | 100.0 |       0 |      28 | 100.0
            +---------+---------+-------+---------+---------+-------
